 Dungeon Crawl Stone Soup version 0.30-a0-1103-g25895a7845 (webtiles) character file.

Game seed: 11418441575639528251

1305 jasper the Trooper (level 8, -15/83 HPs)
             Began as an Ogre Gladiator on Apr 18, 2023.
             Was a Believer of Okawaru.
             Demolished by a two-headed ogre
             ... wielding a +0 giant club
              (26 damage)
             ... on level 7 of the Dungeon.
             The game lasted 00:06:55 (5835 turns).

jasper the Trooper (Ogre Gladiator)                 Turns: 5835, Time: 00:06:56

Health: -15/83     AC:  4    Str: 21    XL:     8   Next: 57%
Magic:  9/10       EV: 12    Int:  9    God:    Okawaru [**....]
Gold:   359        SH:  0    Dex: 10    Spells: 7/7 levels left

rFire   . . .      SeeInvis .    n - +0 giant club
rCold   . . .      Faith    +    (shield currently unavailable)
rNeg    . . .      Spirit   .    b - +0 robe
rPois   .          Reflect  .    c - +0 hat
rElec   .          Rampage  .    x - +0 cloak
rCorr   .                        (gloves unavailable)
Will    .....                    (boots unavailable)
Stlth   +++                      o - amulet of faith
HPRegen 0.33/turn                (no ring)
MPRegen 0.12/turn                (no ring)

@: heroic
A: large, unfitting armour, tough skin 1
a: Renounce Religion, Heroism


You were on level 7 of the Dungeon.
You worshipped Okawaru.
Okawaru was pleased with you.
You visited 2 branches of the dungeon, and saw 8 of its levels.

You collected 359 gold pieces.

Inventory:

Hand Weapons
 a - a +1 flail
 n - a +0 giant club (weapon)
Missiles
 e - a large rock (quivered)
 r - 4 atropa-tipped darts
 C - 2 javelins
 D - 6 poisoned darts
Armour
 b - a +0 robe (worn)
 c - a +0 hat (worn)
 x - a +0 cloak (worn)
Jewellery
 l - a ring of flight
 o - an amulet of faith (around neck)
Wands
 p - a wand of flame (20)
 w - a wand of digging (5)
Scrolls
 d - a scroll of teleportation
 g - 2 scrolls of magic mapping
 i - 2 scrolls of poison {unknown}
 m - 2 scrolls of identify
 t - a scroll of enchant armour {unknown}
 y - a scroll of blinking
 z - a scroll of fog
Potions
 f - a potion of attraction {unknown}
 h - a potion of ambrosia
 k - a potion of mutation
 q - 3 potions of heal wounds {unknown}
 s - a potion of haste {unknown}
 u - 3 potions of lignification {unknown}
 v - a potion of invisibility {unknown}
 A - a potion of berserk rage {unknown}
 B - a potion of curing {unknown}
 E - a potion of degeneration {unknown}


   Skills:
 + Level 6.1(11.1) Fighting
 * Level 6.1(11.1) Maces & Flails
 + Level 4.4(9.4) Throwing
 + Level 4.6(9.6) Dodging
 + Level 3.8 Invocations


You had 7 spell levels left.
You didn't know any spells.
Your spell library contained the following spells:

 Spells                   Type           Power      Damage    Failure   Level
 Apportation              Tloc           0%         N/A       38%         1
 Kiss of Death            Conj/Necr      0%         2d5       38%         1
 Magic Dart               Conj           0%         1d3       38%         1
 Necrotise                Necr           0%         1d4       38%         1
 Lesser Beckoning         Tloc           0%         N/A       52%         2
 Poisonous Vapours        Pois/Air       0%         N/A       52%         2
 Searing Ray              Conj           0%         2d4       52%         2
 Confusing Touch          Hex            0%         N/A       77%         3
 Gell's Gravitas          Tloc           0%         N/A       77%         3
 Mephitic Cloud           Conj/Pois/Air  0%         N/A       77%         3
 Ozocubu's Armour         Ice            0%         N/A       77%         3
 Teleport Other           Tloc           0%         N/A       77%         3
 Vhi's Electric Charge    Tloc/Air       0%         N/A       77%         3
 Dispel Undead            Necr           0%         3d6       99%         4
 Fulminant Prism          Conj/Hex       0%         3d5       99%         4
 Arcjolt                  Conj/Air       0%         1d10      100%        5
 Freezing Cloud           Conj/Ice/Air   0%         6-21      100%        5
 Metabolic Englaciation   Hex/Ice        0%         N/A       100%        5
 Plasma Beam              Fire/Air       0%         2x1d11    100%        6
 Orb of Destruction       Conj           0%         9d5       100%        7
 Summon Small Mammal      Summ           Unusable   N/A       N/A         1
 Summon Guardian Golem    Hex/Summ       Unusable   N/A       N/A         3
 Simulacrum               Ice/Necr       Unusable   N/A       N/A         6
 Spellforged Servitor     Conj/Summ      Unusable   N/A       N/A         7

Dungeon Overview and Level Annotations

Branches:
Dungeon (7/15)             Temple (1/1) D:6

Altars:
Ashenzari
Dithmenos
Elyvilon
Fedhas
Gozag
Hepliaklqana
Kikubaaqudgha
Makhleb
Nemelex Xobeh
Okawaru
Qazlal
Ru
Sif Muna
Uskayaw
Vehumet
Wu Jian
Yredelemnul
Zin
The Shining One

Shops:
D:2 :

Annotations:
D:3 3 runed translucent doors, turdburglar's ghost, amateur KoEn


Innate Abilities, Weirdness & Mutations

You are too large for most types of armour.
You have tough skin. (AC +1)


Message History

You barely miss the scorpion.
The scorpion is severely wounded.
The scorpion barely misses you.
You bludgeon the scorpion!!
You kill the scorpion!
Okawaru accepts your kill.
You see here a scorpion corpse.
Health restored: 83
Found a ring mail.
A two-headed ogre comes into view. It is wielding two +0 giant clubs.
A two-headed ogre is nearby!
You gain the combat prowess of a mighty hero.
You now have 8/10 mp.
You barely miss the two-headed ogre. The two-headed ogre closely misses you.
The two-headed ogre hits you with a +0 giant club!
You take 15 damage, and have 68/83 hp.
You barely miss the two-headed ogre. You hit the two-headed ogre.
The two-headed ogre is lightly wounded.
The two-headed ogre hits you with a +0 giant club! x2
You take 30 damage, and have 39/83 hp.
MASSIVE DAMAGE!!
You barely miss the two-headed ogre.
The two-headed ogre is lightly wounded.
The two-headed ogre hits you with a +0 giant club!
* * * LOW HITPOINT WARNING * * *
The two-headed ogre barely misses you.
You take 16 damage, and have 23/83 hp.
You completely miss the two-headed ogre.
The two-headed ogre is lightly wounded.
You closely miss the two-headed ogre.
The two-headed ogre is lightly wounded.
The two-headed ogre closely misses you.
The two-headed ogre hits you with a +0 giant club!
* * * LOW HITPOINT WARNING * * *
You take 14 damage, and have 10/83 hp.
Okay, then.
Okay, then.
The two-headed ogre attacks as you move away!
The two-headed ogre hits you with a +0 giant club!!
You die...

#......#
####.### #.#
#.# #.# #.#
#.# ##########
#.# #.O......#
#.###@#.#.#[.#
#.......# ..
#####.#....#.#
#.#......#
#......##
########


You could see a two-headed ogre.

Vanquished Creatures
  Pikel (D:6)
  An ice beast (D:5)
  An ogre (D:5)
  3 scorpions
  A howler monkey (D:5)
  A jelly (D:5)
  Crazy Yiuf (D:2)
  3 hounds
  3 sleepcaps
  2 iguanas (D:5)
  2 orc wizards
  3 adders
  A white imp (D:6)
  An ufetubus (D:4)
  A worm (D:3)
  4 dart slugs
  16 orcs
  7 endoplasms
  5 giant cockroaches
  5 goblins
  7 hobgoblins
  4 jackals (D:4)
  6 kobolds
  3 quokkas
  4 ball pythons
  6 bats
  A frilled lizard (D:1)
  5 rats
98 creatures vanquished.

Vanquished Creatures (others)
  A human (D:3)
1 creature vanquished.

Grand Total: 99 creatures vanquished

Notes
Turn   | Place    | Note
-------+----------+-------------------------------------------
     0 | D:1      | jasper the Ogre Gladiator began the quest for the Orb.
     0 | D:1      | Reached XP level 1. HP: 22/22 MP: 1/1
   127 | D:1      | Reached XP level 2. HP: 22/29 MP: 2/2
   788 | D:2      | Reached XP level 3. HP: 36/37 MP: 3/3
  1025 | D:2      | Found a runed translucent door.
  1171 | D:2      | Found Extuofro's Book Shoppe.
  1346 | D:2      | Found a faded altar of an unknown god.
  1410 | D:2      | Found a glowing golden altar of the Shining One.
  1440 | D:2      | Became a worshipper of the Shining One
  1705 | D:2      | Noticed Crazy Yiuf
  1716 | D:2      | Killed Crazy Yiuf
  1717 | D:2      | Reached XP level 4. HP: 45/45 MP: 4/4
  1909 | D:3      | Found a runed translucent gate.
  1910 | D:3      | Found a runed translucent gate.
  1911 | D:3      | Identified the +7 chain mail "Loybogex" {rC+}
  1913 | D:3      | Noticed turdburglar's ghost (amateur KoEn)
  1916 | D:3      | Found a runed translucent gate.
  1920 | D:3      | Found an ancient bone altar of Kikubaaqudgha.
  1926 | D:3      | Noticed a human
  1928 | D:3      | Killed a human
  2014 | D:3      | Found a basalt altar of Yredelemnul.
  2017 | D:3      | Found a hazy altar of Hepliaklqana.
  2018 | D:3      | Found a shimmering blue altar of Sif Muna.
  2022 | D:3      | Found a white marble altar of Elyvilon.
  2023 | D:3      | Found a burning altar of Makhleb.
  2586 | D:4      | Reached XP level 5. HP: 54/54 MP: 5/5
  2678 | D:4      | Reached skill level 1 in Invocations
  2915 | D:4      | Reached * piety under the Shining One
  3311 | D:4      | Reached XP level 6. HP: 48/63 MP: 5/7
  3748 | D:5      | Entered Level 5 of the Dungeon
  4046 | D:5      | Reached XP level 7. HP: 55/71 MP: 8/8
  4313 | D:5      | Reached skill level 5 in Fighting
  4504 | D:5      | Reached skill level 5 in Maces & Flails
  4859 | D:6      | Found a staircase to the Ecumenical Temple.
  4869 | Temple   | Entered the Ecumenical Temple
  4921 | Temple   | Fell from the grace of the Shining One
  4921 | Temple   | Became a worshipper of Warmaster Okawaru
  5452 | D:6      | Noticed Pikel
  5458 | D:6      | Killed Pikel
  5458 | D:6      | Reached * piety under Okawaru
  5458 | D:6      | Reached ** piety under Okawaru
  5459 | D:6      | Reached XP level 8. HP: 83/83 MP: 10/10
  5496 | D:6      | HP: 2/83 [steam dragon (5)]
  5823 | D:7      | Noticed a two-headed ogre
  5835 | D:7      | Demolished by a two-headed ogre

Illustrated notes

Levels and vault maps discovered:
D:1:      minmay_arrival_checkered_box, layout_loops_ring, hex_medium
D:2:      layout_loops_corners, basic_altar, serial_shops, shop,
          shapermc_ecumenical_altar_gd, uniq_crazy_yiuf_cottage
D:3:      layout_rooms, minitemple, tgw_kikubaaqudgha,
          biasface_ghost_orc_armoury, serial_aquarium,
          aquarium_bridge_island_small [aquarium_subvault_small_open,
          aquarium_subvault_window, aquarium_subvault_window,
          aquarium_subvault_bridge, aquarium_subvault_bridge],
          aquarium_window_corridor_3, aquarium_window_corner, aquarium_view_2d,
          aquarium_balcony_5b, minmay_cupped
D:4:      layout_loops_corners
D:5:      layout_basic, cheibrodos_sewer_entry_drain, nicolae_fountain_basement
D:6:      nicolae_cairo_tiling, layout_basic, minmay_temple_entry_waves,
          solitary_fountain, uniq_pikel
D:7:      cheibrodos_helix_gallery, layout_loops_cross, uniq_maggie
Temple:   eino_wide_crystal_templ

Skill      XL: |  1  2  3  4  5  6  7 |
---------------+----------------------+-----
Fighting       | 3 4 6 |  6.1
Maces & Flails | 3 4 6 |  6.1
Dodging        | 3 4 |  4.6
Invocations    | 1 2 3 |  3.8
Throwing       | 3 4 |  4.4

Action                     |  1- 3 |  4- 6 |  7- 9 || total
---------------------------+-------+-------+-------++-------
  Melee: Flail             |    51 |   100 |    31 ||   182
         Giant club        |       |       |    46 ||    46
         Punch             |       |       |     1 ||     1
  Throw: Stone             |     3 |       |       ||     3
         Boomerang         |    17 |    62 |       ||    79
         Throwing net      |     2 |     1 |     2 ||     5
         Large rock        |       |     1 |     2 ||     3
         Javelin           |       |       |     3 ||     3
 Invoke: Heroism           |       |       |     2 ||     2
  Evoke: Wand              |       |       |     1 ||     1
    Use: Scroll            |       |    10 |     3 ||    13
 Armour: Robe              |    21 |    27 |    19 ||    67
  Dodge: Dodged            |    43 |    64 |    50 ||   157

Table legend: (Time is in decaauts)
 A = Elapsed time spent in this place.
 B = Non-inter-level travel time spent in this place.
 C = Inter-level travel time spent in this place.
 D = Time resting spent in this place.
 E = Time spent auto-exploring this place.
 F = Levels seen in this place.
 G = Mean time per level.
                   A        B        C        D        E       F      G
               +--------+--------+--------+--------+--------+-----+--------+
         Total |   5901 |   5628 |    273 |    320 |   4402 |   8 |  737.6 |
       Dungeon |   5826 |   5585 |    241 |    320 |   4370 |   7 |  832.3 |
        Temple |     74 |     42 |     32 |      0 |     32 |   1 |   74.0 |
               +--------+--------+--------+--------+--------+-----+--------+

Top non-repeatable levels by time:
     D:4: 1182 daAuts
     D:5: 1054 daAuts
     D:2: 1023 daAuts
     D:6: 896 daAuts
     D:3: 843 daAuts
     D:1: 743 daAuts
     D:7: 83 daAuts
  Temple: 74 daAuts
